 Dungeon Crawl Stone Soup version 0.24.0-2-g5b39cebb1c (webtiles) character file.

Game seed: 10152791456686218011, levelgen mode: deterministic

63 MTVSty1e the Chopper (level 3, -13/30 HPs)
             Began as a Minotaur Gladiator on Oct 29, 2019.
             Mangled by Sigmund
             ... wielding a cursed -1 scythe
              (14 damage)
             ... on level 3 of the Dungeon.
             The game lasted 00:01:48 (1757 turns).

MTVSty1e the Chopper (Minotaur Gladiator)           Turns: 1757, Time: 00:01:50

Health: -13/30     AC:  3    Str: 17 (19) XL:     3   Next: 89%
Magic:  2/2        EV: 12    Int:  9 (10) God:
Gold:   116        SH:  0    Dex:  8 (11) Spells: 2/2 levels left

rFire    . . .     SeeInvis .   a - +0 war axe
rCold    . . .     Gourm    .   (no shield)
rNeg     . . .     Faith    .   b - +0 leather armour
rPois    .         Spirit   .   c - +0 hat
rElec    .         Reflect  .   (no cloak)
rCorr    .         Harm     .   (no gloves)
MR       .....                  (no boots)
Stlth    +.........             (no amulet)
HPRegen  0.10/turn              (no ring)
MPRegen  0.08/turn              (no ring)

@: brilliant
A: retaliatory headbutt, horns 2
a: no special abilities


You were on level 3 of the Dungeon.
You were not hungry.

You visited 1 branch of the dungeon, and saw 3 of its levels.

You collected 116 gold pieces.

Inventory:

Hand Weapons
 a - a +0 war axe (weapon)
Missiles
 d - 3 throwing nets (quivered)
Armour
 b - a +0 leather armour (worn)
 c - a +0 hat (worn)
Jewellery
 i - a cursed amulet of inaccuracy {unknown}
Scrolls
 g - a scroll of magic mapping {unknown}
 h - a scroll of enchant armour {unknown}
 j - a scroll of immolation {unknown}
 m - a scroll of blinking {unknown}
 n - a scroll of noise {unknown}
Potions
 e - a potion of degeneration
Comestibles
 f - 3 rations


   Skills:
 - Level 2.4 Fighting
 * Level 5.9 Axes
 - Level 2.0 Throwing
 - Level 3.2 Dodging


You had 2 spell levels left.
You didn't know any spells.
Your spell library was empty.

Dungeon Overview and Level Annotations

Branches:
Dungeon (3/15)

Altars:
Okawaru

Annotations:
D:3 Sigmund


Innate Abilities, Weirdness & Mutations

You reflexively headbutt those who attack you in melee.
You have a pair of horns on your head.


Message History

Sigmund barely misses you.
You barely miss Sigmund.
Sigmund is lightly wounded.
Sigmund misses you.
You closely miss Sigmund.
Sigmund is lightly wounded.
Sigmund gestures wildly while chanting.
Sigmund flickers and vanishes!
Deactivating autopickup; reactivate with Ctrl-A.
You miss something. Something hits you!
You hit something. Your headbutt misses something. Something hits you!
* * * LOW HITPOINT WARNING * * *
You barely miss something. You slash something! Your headbutt misses something.
You hear some strange, mumbled words.
A puff of flame appears from out of thin air!
The puff of flame hits you.
* * * LOW HITPOINT WARNING * * *
Something hits you!
You die...

##..†........
#............
#.........##
#....<....#
#?........#
#.........#
#.........#
#..........#
#..@..[....$#
#..{........#
#............
##.......##
##.....##
#######


There were no monsters in sight!

Vanquished Creatures
  An adder (D:2)
  2 oozes (D:2)
  A worm (D:2)
  2 dart slugs
  3 bats
  2 giant cockroaches (D:2)
  6 goblins
  4 hobgoblins
  A quokka (D:2)
  A ball python (D:1)
  4 frilled lizards (D:2)
  5 kobolds
  8 rats
40 creatures vanquished.

Notes
Turn   | Place    | Note
-------+----------+-------------------------------------------
     0 | D:1      | MTVSty1e the Minotaur Gladiator began the quest for the
                  | Orb.
     0 | D:1      | Reached XP level 1. HP: 18/18 MP: 0/0
    99 | D:1      | Reached skill level 4 in Axes
   313 | D:1      | Reached XP level 2. HP: 23/25 MP: 1/1
   900 | D:2      | Reached skill level 5 in Axes
   910 | D:2      | Reached XP level 3. HP: 21/30 MP: 2/2
  1305 | D:2      | Found an iron altar of Okawaru.
  1741 | D:3      | Noticed Sigmund
  1757 | D:3      | HP: 1/30 [something/puff of flame (6)]
  1757 | D:3      | Mangled by Sigmund

Levels and vault maps discovered:
D:1:      dpeg_arrival_lava_altar, layout_loops_ring
D:2:      layout_basic, okawaru_trees_2
D:3:      layout_rooms, grunt_temple_overflow_opulence, tso_metal_star,
          first_ration, patterned_corridor, uniq_terence, uniq_sigmund

Skill      XL: |  1  2 |
---------------+-------+-----
Axes           | 4 5 |  5.9
Fighting       | |  2.4
Throwing       | |  2.0
Dodging        | |  3.2

Action                   || total
-------------------------++-------
Melee: War axe           ||    84
       Headbutt          ||     8
  Use: Potion            ||     3
  Eat: Ration            ||     1
       Chunk             ||     1
Armor: Leather armour    ||    10
Dodge: Dodged            ||    58
